[ AOE2 MATCH · #472344051 ]
UnrankedCelts vs Hindustanis
[ REPLAY ANALYSIS · EXTRACTED FROM THE RECORDED GAME ]
Feudal
16:53
Castle
25:30
Imperial
40:38
| APM avg | 12.6 |
| APM peak | 27 |
| eAPM avg | 9.5 |
| Villagers / military | 55 / 92 |
Focus
⚔️ 28.1% · 🌾 71.9%
Spearman ×37 · Fishing Ship ×28 · Militia ×19 · Woad Raider ×18 · Unknown (2626) ×7 · Knight ×6
Feudal
13:46
Castle
20:30
Imperial
33:47
| APM avg | 14.6 |
| APM peak | 46 |
| eAPM avg | 8.7 |
| Villagers / military | 41 / 24 |
Focus
⚔️ 26.1% · 🌾 73.9%
Organ Gun ×9 · Fishing Ship ×9 · Trebuchet (Packed) ×9 · Fire Galley ×3 · Galley ×2 · Monk ×1
Feudal
13:34
Castle
17:36
Imperial
33:55
| APM avg | 19.9 |
| APM peak | 44 |
| eAPM avg | 12.5 |
| Villagers / military | 76 / 91 |
Focus
⚔️ 30.2% · 🌾 69.8%
Ghulam ×51 · Camel Scout ×34 · Trebuchet (Packed) ×6 · Fishing Ship ×5
Feudal
—
Castle
—
Imperial
—
| APM avg | 19.3 |
| APM peak | 42 |
| eAPM avg | 14.2 |
| Villagers / military | 142 / 68 |
Focus
⚔️ 25.9% · 🌾 74.1%
Kipchak ×54 · Fishing Ship ×13 · Battering Ram ×12 · Knight ×2 · Unknown (2626) ×2
Match map
Initial resources + every placement click. Lines = walls · curves = elevation contours. ◆ gold · ⬟ stone · ● berries · ✦ relic · ◌ wall gap
Inputs per minute
— Lord Bendtner - - Rado
Build order — Lord Bendtner
First 150 of 202 actions detected
| 1:05 | Build | Town Center |
| 2:01 | Build | House |
| 2:02 | Build | House |
| 3:08 | Create | Villager (Male) ×4 |
| 4:14 | Create | Villager (Male) |
| 4:41 | Research | Loom |
| 4:51 | Create | Villager (Male) |
| 5:41 | Create | Villager (Male) |
| 6:21 | Create | Villager (Male) |
| 6:40 | Create | Villager (Male) |
| 6:53 | Create | Villager (Male) |
| 7:04 | Build | House |
| 7:05 | Build | House |
| 7:56 | Create | Villager (Male) |
| 9:03 | Create | Villager (Male) |
| 9:42 | Create | Villager (Male) |
| 9:59 | Create | Villager (Male) |
| 10:06 | Create | Villager (Male) |
| 10:27 | Create | Villager (Male) |
| 10:41 | Create | Villager (Male) |
| 11:10 | Build | Dock |
| 11:17 | Create | Villager (Male) ×2 |
| 11:23 | Create | Villager (Male) |
| 11:32 | Create | Villager (Male) |
| 12:15 | Create | Fishing Ship |
| 12:40 | Create | Fishing Ship |
| 12:58 | Build | House |
| 13:05 | Build | House |
| 13:54 | Build | Mining Camp |
| 14:04 | Build | House |
| 14:22 | Create | Fishing Ship |
| 14:22 | Create | Fishing Ship |
| 14:39 | Create | Fishing Ship |
| 14:43 | Research | Feudal Age |
| 14:55 | Build | House |
| 15:47 | Build | Barracks |
| 16:05 | Create | Villager (Male) ×5 |
| 16:09 | Create | Fishing Ship |
| 16:35 | Create | Fishing Ship |
| 16:43 | Create | Militia ×2 |
| 16:53 | Age | Feudal Age |
| 17:07 | Build | Lumber Camp |
| 17:14 | Create | Militia ×2 |
| 18:11 | Create | Fishing Ship |
| 18:11 | Create | Fishing Ship |
| 18:38 | Create | Villager (Male) |
| 19:18 | Build | Blacksmith |
| 19:22 | Create | Villager (Male) |
| 19:22 | Create | Villager (Male) |
| 19:22 | Create | Villager (Male) |
| 19:22 | Create | Villager (Male) |
| 19:25 | Research | Double-Bit Axe |
| 19:34 | Build | Mining Camp |
| 19:43 | Build | House |
| 19:44 | Build | House |
| 20:57 | Build | Dock |
| 21:00 | Build | Dock |
| 21:26 | Build | Stable |
| 21:45 | Create | Fishing Ship |
| 21:49 | Create | Fishing Ship |
| 21:55 | Create | Fishing Ship |
| 22:28 | Create | Fishing Ship |
| 22:28 | Create | Fishing Ship |
| 22:50 | Research | Castle Age |
| 22:58 | Create | Galley ×2 |
| 23:07 | Research | Tech 906 |
| 23:08 | Create | Unit 2626 |
| 23:18 | Create | Fishing Ship |
| 23:25 | Create | Unit 2626 |
| 23:51 | Build | Dock |
| 24:04 | Build | House |
| 24:05 | Build | House |
| 24:25 | Research | Man-at-Arms (upgrade) |
| 24:25 | Research | Arson |
| 25:06 | Create | Villager (Male) |
| 25:06 | Create | Villager (Male) |
| 25:30 | Age | Castle Age |
| 25:38 | Research | Bow Saw |
| 25:45 | Build | Town Center |
| 26:06 | Research | Pikeman (upgrade) |
| 26:10 | Research | Scale Mail Armor |
| 26:34 | Create | Knight ×2 |
| 27:16 | Create | Villager (Male) |
| 27:21 | Create | Fishing Ship ×5 |
| 27:25 | Create | Fishing Ship |
| 27:54 | Create | Knight ×3 |
| 28:04 | Build | Siege Workshop |
| 28:07 | Research | Stone Mining |
| 28:11 | Create | Villager (Male) |
| 28:33 | Research | Gillnets |
| 28:34 | Create | Fishing Ship |
| 29:30 | Build | Barracks |
| 29:33 | Build | Barracks |
| 29:38 | Research | Forging |
| 29:44 | Create | Fishing Ship |
| 29:48 | Create | Fishing Ship |
| 29:53 | Create | Villager (Male) ×4 |
| 29:59 | Build | House |
| 30:00 | Build | House |
| 30:01 | Build | House |
| 30:02 | Build | House |
| 30:12 | Create | Mangonel |
| 30:12 | Create | Mangonel |
| 30:57 | Research | Wheelbarrow |
| 31:03 | Create | Spearman ×4 |
| 31:03 | Create | Spearman ×4 |
| 31:23 | Create | Fishing Ship ×2 |
| 31:26 | Create | Villager (Male) |
| 31:26 | Create | Villager (Male) |
| 32:03 | Build | Dock |
| 32:07 | Build | Dock |
| 32:23 | Create | Spearman ×5 |
| 32:26 | Research | Iron Casting |
| 32:28 | Create | Spearman ×2 |
| 33:03 | Build | University |
| 33:22 | Create | Mangonel |
| 33:22 | Create | Mangonel |
| 33:28 | Create | Villager (Male) ×3 |
| 33:30 | Create | Villager (Male) |
| 34:03 | Create | Fishing Ship |
| 34:03 | Create | Fishing Ship |
| 34:16 | Build | House |
| 34:17 | Build | House |
| 34:17 | Build | House |
| 34:18 | Build | House |
| 34:19 | Build | House |
| 34:20 | Build | House |
| 34:26 | Create | Villager (Male) ×5 |
| 35:27 | Build | Lumber Camp |
| 36:00 | Research | Chain Mail Armor |
| 36:13 | Build | Castle |
| 36:36 | Build | Castle |
| 37:28 | Research | Imperial Age |
| 37:33 | Create | Spearman ×5 |
| 37:33 | Create | Spearman ×5 |
| 37:34 | Create | Spearman |
| 37:54 | Research | Gold Mining |
| 38:07 | Build | Fish Trap |
| 38:08 | Build | Fish Trap |
| 38:09 | Build | Fish Trap |
| 38:11 | Build | Fish Trap |
| 38:12 | Build | Fish Trap |
| 38:13 | Build | Fish Trap |
| 38:17 | Build | House |
| 38:20 | Build | House |
| 38:24 | Build | Town Center |
| 38:27 | Build | Fish Trap |
| 38:32 | Build | Fish Trap |
| 39:04 | Research | Gold Shaft Mining |
| 39:12 | Build | Lumber Camp |
Build order — Rado
116 actions detected in the replay
| 0:12 | Build | Town Center |
| 0:55 | Build | Dock |
| 0:57 | Build | House |
| 0:59 | Build | House |
| 2:38 | Create | Villager (Male) ×4 |
| 3:51 | Create | Villager (Male) |
| 3:52 | Create | Villager (Male) |
| 4:42 | Research | Loom |
| 4:47 | Create | Fishing Ship |
| 4:53 | Build | House |
| 4:57 | Create | Villager (Male) |
| 5:32 | Create | Villager (Male) |
| 5:59 | Create | Fishing Ship |
| 5:59 | Create | Fishing Ship |
| 6:40 | Create | Villager (Male) |
| 6:46 | Create | Fishing Ship |
| 6:50 | Build | House |
| 6:51 | Build | House |
| 7:02 | Create | Villager (Male) |
| 7:21 | Create | Villager (Male) |
| 7:21 | Create | Villager (Male) |
| 7:33 | Build | House |
| 7:44 | Create | Villager (Male) |
| 7:44 | Create | Villager (Male) |
| 8:01 | Create | Villager (Male) |
| 8:08 | Create | Fishing Ship |
| 8:33 | Create | Villager (Male) |
| 8:37 | Create | Fishing Ship |
| 8:51 | Create | Villager (Male) |
| 8:57 | Create | Fishing Ship |
| 9:17 | Create | Villager (Male) |
| 9:32 | Build | Mill |
| 9:48 | Create | Villager (Male) |
| 10:28 | Create | Villager (Male) |
| 10:30 | Create | Villager (Male) |
| 11:01 | Build | Dock |
| 11:36 | Research | Feudal Age |
| 11:36 | Research | Feudal Age |
| 11:46 | Build | Mining Camp |
| 12:05 | Create | Fishing Ship |
| 12:11 | Create | Fishing Ship |
| 13:39 | Create | Villager (Male) ×5 |
| 13:46 | Age | Feudal Age |
| 13:49 | Create | Galley |
| 13:49 | Create | Fire Galley |
| 13:54 | Create | Fire Galley |
| 13:55 | Create | Galley |
| 14:05 | Build | Mill |
| 14:31 | Create | Villager (Male) |
| 14:44 | Build | House |
| 14:51 | Research | Town Watch |
| 14:51 | Research | Wheelbarrow |
| 15:03 | Build | Blacksmith |
| 15:42 | Create | Fire Galley |
| 16:33 | Build | Watch Tower |
| 16:40 | Build | Market |
| 17:21 | Build | Lumber Camp |
| 17:37 | Research | Fletching |
| 17:50 | Research | Castle Age |
| 18:02 | Build | Mining Camp |
| 18:09 | Research | Stone Mining |
| 18:47 | Research | Gold Mining |
| 18:52 | Research | Double-Bit Axe |
| 18:58 | Build | House |
| 19:05 | Build | Palisade Gate |
| 20:30 | Age | Castle Age |
| 20:42 | Create | Villager (Male) ×5 |
| 21:05 | Build | Castle |
| 21:20 | Create | Villager (Male) |
| 21:38 | Build | Mill |
| 21:57 | Build | House |
| 22:00 | Build | House |
| 22:05 | Build | House |
| 23:02 | Build | Lumber Camp |
| 23:14 | Create | Organ Gun |
| 23:46 | Research | Bow Saw |
| 23:59 | Create | Organ Gun |
| 23:59 | Create | Organ Gun |
| 24:54 | Build | Dock |
| 25:38 | Create | Organ Gun |
| 25:40 | Create | Organ Gun |
| 26:00 | Build | Town Center |
| 27:48 | Create | Villager (Male) ×5 |
| 28:01 | Build | Monastery |
| 28:23 | Research | War Galley (upgrade) |
| 29:45 | Build | Market |
| 29:56 | Create | Organ Gun ×4 |
| 30:37 | Research | Imperial Age |
| 31:27 | Create | Monk |
| 32:53 | Build | Castle |
| 33:13 | Build | Blacksmith |
| 33:47 | Age | Imperial Age |
| 33:56 | Create | Trebuchet (Packed) |
| 34:12 | Create | Trebuchet (Packed) |
| 34:37 | Create | Trebuchet (Packed) |
| 38:12 | Create | Villager (Male) ×3 |
| 39:02 | Build | Castle |
| 39:30 | Create | Trebuchet (Packed) |
| 40:04 | Create | Trebuchet (Packed) |
| 41:03 | Create | Trebuchet (Packed) |
| 41:28 | Create | Trebuchet (Packed) |
| 41:59 | Create | Trebuchet (Packed) |
| 42:15 | Build | Stone Wall |
| 42:58 | Create | Trebuchet (Packed) |
| 43:44 | Build | Feitoria |
| 44:21 | Build | Lumber Camp |
| 44:50 | Build | Mining Camp |
| 45:47 | Build | House |
| 45:49 | Build | House |
| 45:50 | Build | House |
| 45:53 | Build | House |
| 45:55 | Build | House |
| 46:03 | Build | House |
| 46:05 | Build | House |
| 46:07 | Build | House |
| 47:02 | Research | Two-Man Saw |
Build order — Dracarys2306
First 150 of 260 actions detected
| 0:12 | Build | House |
| 0:15 | Build | House |
| 0:59 | Build | Town Center |
| 1:14 | Build | Dock |
| 3:04 | Create | Villager (Male) |
| 3:05 | Create | Villager (Male) |
| 3:05 | Create | Villager (Male) |
| 3:05 | Create | Villager (Male) |
| 3:06 | Create | Villager (Male) |
| 3:06 | Create | Villager (Male) |
| 5:01 | Create | Villager (Male) |
| 5:04 | Create | Fishing Ship |
| 5:41 | Create | Villager (Male) |
| 5:44 | Create | Fishing Ship |
| 6:14 | Create | Villager (Male) |
| 6:27 | Create | Fishing Ship |
| 6:31 | Build | House |
| 6:37 | Create | Villager (Male) |
| 7:07 | Create | Villager (Male) |
| 7:17 | Create | Fishing Ship |
| 7:18 | Create | Villager (Male) |
| 7:36 | Create | Villager (Male) |
| 7:58 | Create | Villager (Male) |
| 8:09 | Build | House |
| 8:24 | Create | Fishing Ship |
| 8:34 | Create | Villager (Male) |
| 8:55 | Create | Villager (Male) |
| 9:08 | Build | Mill |
| 9:36 | Create | Villager (Male) |
| 9:40 | Create | Villager (Male) |
| 10:03 | Build | House |
| 10:28 | Create | Villager (Male) |
| 10:33 | Create | Villager (Male) |
| 10:35 | Create | Villager (Male) |
| 11:22 | Research | Feudal Age |
| 11:49 | Build | Barracks |
| 12:05 | Create | Villager (Male) |
| 12:05 | Create | Villager (Male) |
| 12:57 | Build | Mining Camp |
| 13:34 | Age | Feudal Age |
| 13:44 | Build | Stable |
| 13:49 | Build | Blacksmith |
| 14:11 | Build | House |
| 14:26 | Research | Loom |
| 14:56 | Research | Castle Age |
| 14:59 | Research | Horse Collar |
| 15:08 | Build | Lumber Camp |
| 15:24 | Research | Double-Bit Axe |
| 16:58 | Build | Fish Trap |
| 17:23 | Research | Bloodlines |
| 17:25 | Research | Scale Barding Armor |
| 17:36 | Age | Castle Age |
| 17:38 | Build | Town Center |
| 17:43 | Create | Villager (Male) |
| 17:44 | Create | Villager (Male) |
| 17:44 | Create | Villager (Male) |
| 17:44 | Create | Villager (Male) |
| 18:29 | Research | Horse Collar |
| 18:34 | Create | Villager (Male) |
| 18:40 | Build | Farm |
| 18:41 | Build | Farm |
| 18:55 | Create | Villager (Male) |
| 19:25 | Create | Villager (Male) |
| 19:25 | Create | Villager (Male) |
| 19:25 | Create | Villager (Male) |
| 19:28 | Build | Farm |
| 19:33 | Build | Farm |
| 19:35 | Build | Farm |
| 19:37 | Build | Farm |
| 19:53 | Create | Villager (Male) |
| 19:57 | Build | House |
| 20:07 | Build | Farm |
| 20:09 | Create | Camel Scout |
| 20:28 | Build | Farm |
| 20:31 | Build | Farm |
| 20:36 | Build | Farm |
| 20:38 | Create | Villager (Male) |
| 20:39 | Create | Villager (Male) |
| 20:40 | Create | Villager (Male) |
| 20:41 | Create | Villager (Male) |
| 20:41 | Create | Villager (Male) |
| 20:51 | Create | Villager (Male) |
| 20:56 | Create | Camel Scout |
| 21:09 | Build | House |
| 21:20 | Build | Farm |
| 21:22 | Create | Villager (Male) |
| 21:32 | Build | House |
| 21:34 | Build | House |
| 22:07 | Create | Camel Scout |
| 22:17 | Build | Farm |
| 22:19 | Build | Farm |
| 22:25 | Build | House |
| 22:26 | Build | House |
| 22:29 | Create | Camel Scout |
| 22:47 | Create | Villager (Male) |
| 22:47 | Create | Villager (Male) |
| 22:49 | Create | Villager (Male) |
| 22:49 | Create | Villager (Male) |
| 22:56 | Create | Camel Scout |
| 23:12 | Build | Town Center |
| 23:14 | Create | Villager (Male) |
| 23:15 | Create | Villager (Male) |
| 23:18 | Build | Farm |
| 23:34 | Build | Farm |
| 23:49 | Build | Farm |
| 23:53 | Build | Farm |
| 23:57 | Create | Villager (Male) |
| 23:58 | Create | Villager (Male) |
| 23:59 | Research | Wheelbarrow |
| 24:02 | Create | Camel Scout |
| 24:02 | Create | Camel Scout |
| 24:20 | Build | Mill |
| 24:23 | Build | Farm |
| 24:33 | Research | Chain Barding Armor |
| 24:35 | Create | Villager (Male) |
| 24:35 | Create | Villager (Male) |
| 25:35 | Create | Villager (Male) |
| 25:36 | Create | Villager (Male) |
| 25:36 | Create | Villager (Male) |
| 25:36 | Create | Villager (Male) |
| 25:55 | Build | Farm |
| 25:55 | Build | Farm |
| 25:55 | Build | Farm |
| 25:56 | Build | Farm |
| 25:56 | Build | Farm |
| 26:44 | Create | Camel Scout |
| 26:45 | Create | Camel Scout |
| 27:19 | Build | Castle |
| 27:44 | Create | Villager (Male) |
| 27:44 | Create | Villager (Male) |
| 27:45 | Create | Villager (Male) |
| 27:49 | Research | Gold Mining |
| 27:50 | Create | Villager (Male) |
| 27:50 | Create | Villager (Male) |
| 27:51 | Create | Villager (Male) |
| 27:52 | Create | Villager (Male) |
| 27:54 | Research | Forging |
| 27:57 | Create | Camel Scout |
| 27:58 | Create | Camel Scout |
| 27:58 | Create | Camel Scout |
| 27:59 | Create | Camel Scout |
| 28:51 | Build | Market |
| 29:00 | Build | Stable |
| 29:07 | Create | Camel Scout |
| 29:36 | Create | Camel Scout |
| 29:36 | Create | Camel Scout |
| 29:54 | Build | Siege Workshop |
| 29:55 | Create | Villager (Male) |
| 29:56 | Create | Villager (Male) |
| 29:57 | Create | Villager (Male) |
Build order — WeighedPlayer8
First 150 of 325 actions detected
| 1:27 | Build | House |
| 2:22 | Build | Town Center |
| 3:02 | Build | Dock |
| 4:30 | Create | Villager (Male) |
| 4:30 | Create | Villager (Male) |
| 4:30 | Create | Villager (Male) |
| 4:30 | Create | Villager (Male) |
| 4:31 | Create | Villager (Male) |
| 5:41 | Create | Fishing Ship |
| 6:21 | Research | Loom |
| 6:33 | Create | Fishing Ship |
| 6:40 | Build | House |
| 7:36 | Create | Fishing Ship |
| 7:42 | Create | Villager (Male) |
| 8:49 | Create | Villager (Male) |
| 8:49 | Create | Villager (Male) |
| 9:46 | Build | Dock |
| 9:48 | Create | Villager (Male) |
| 10:24 | Build | House |
| 10:24 | Build | House |
| 10:57 | Create | Villager (Male) |
| 11:01 | Create | Fishing Ship |
| 11:05 | Create | Fishing Ship |
| 11:53 | Create | Villager (Male) |
| 11:54 | Create | Villager (Male) |
| 12:35 | Create | Villager (Male) |
| 12:36 | Create | Villager (Male) |
| 12:39 | Create | Fishing Ship |
| 12:55 | Create | Fishing Ship |
| 13:10 | Build | House |
| 13:23 | Create | Villager (Male) |
| 13:38 | Build | House |
| 13:50 | Create | Villager (Male) |
| 13:50 | Create | Villager (Male) |
| 13:50 | Create | Villager (Male) |
| 14:19 | Create | Fishing Ship |
| 14:29 | Build | Dock |
| 14:32 | Create | Villager (Male) |
| 14:59 | Create | Villager (Male) |
| 15:12 | Create | Fishing Ship |
| 15:14 | Build | House |
| 15:14 | Build | House |
| 15:18 | Create | Fishing Ship |
| 15:20 | Create | Fishing Ship |
| 15:22 | Create | Villager (Male) |
| 15:53 | Create | Villager (Male) |
| 16:03 | Build | Lumber Camp |
| 16:13 | Create | Villager (Male) |
| 16:21 | Create | Fishing Ship |
| 16:31 | Build | House |
| 16:45 | Research | Feudal Age |
| 16:55 | Create | Fishing Ship |
| 17:03 | Build | House |
| 17:04 | Build | House |
| 17:48 | Create | Villager (Male) |
| 18:32 | Create | Villager (Male) |
| 18:59 | Build | Town Center |
| 19:49 | Create | Villager (Male) |
| 19:50 | Create | Villager (Male) |
| 19:52 | Research | Double-Bit Axe |
| 20:01 | Build | Blacksmith |
| 20:07 | Create | Villager (Male) |
| 20:07 | Create | Villager (Male) |
| 20:07 | Create | Villager (Male) |
| 20:07 | Create | Villager (Male) |
| 20:08 | Create | Villager (Male) |
| 20:08 | Create | Villager (Male) |
| 20:08 | Create | Villager (Male) |
| 20:09 | Create | Villager (Male) |
| 20:09 | Create | Villager (Male) |
| 20:09 | Create | Villager (Male) |
| 20:20 | Create | Villager (Male) |
| 20:44 | Build | Siege Workshop |
| 21:00 | Research | Tech 906 |
| 21:32 | Create | Villager (Male) |
| 21:32 | Create | Villager (Male) |
| 21:33 | Create | Villager (Male) |
| 21:44 | Create | Villager (Male) |
| 21:52 | Create | Battering Ram |
| 22:04 | Build | Lumber Camp |
| 22:38 | Create | Villager (Male) |
| 22:49 | Create | Villager (Male) |
| 22:50 | Create | Villager (Male) |
| 22:52 | Create | Battering Ram |
| 22:52 | Create | Battering Ram |
| 23:04 | Create | Villager (Male) |
| 23:08 | Research | Wheelbarrow |
| 23:31 | Create | Villager (Male) |
| 23:31 | Create | Villager (Male) |
| 23:37 | Create | Battering Ram |
| 23:53 | Build | Mill |
| 24:04 | Build | Mill |
| 24:06 | Create | Villager (Male) |
| 24:46 | Create | Villager (Male) |
| 24:46 | Create | Villager (Male) |
| 24:46 | Create | Villager (Male) |
| 24:48 | Research | Horse Collar |
| 25:18 | Create | Battering Ram |
| 25:35 | Build | House |
| 25:36 | Build | House |
| 25:37 | Build | House |
| 26:08 | Create | Villager (Male) |
| 26:08 | Create | Villager (Male) |
| 26:10 | Create | Villager (Male) |
| 26:11 | Create | Villager (Male) |
| 26:34 | Create | Villager (Male) |
| 26:34 | Create | Villager (Male) |
| 26:56 | Build | Farm |
| 26:57 | Build | Farm |
| 26:58 | Build | Farm |
| 26:59 | Build | Farm |
| 27:00 | Build | Farm |
| 27:01 | Build | Farm |
| 27:02 | Build | Farm |
| 27:03 | Build | Farm |
| 27:05 | Build | Farm |
| 27:06 | Build | Farm |
| 27:07 | Build | Farm |
| 27:07 | Build | Farm |
| 27:12 | Build | Farm |
| 27:48 | Create | Villager (Male) |
| 27:58 | Create | Villager (Male) |
| 27:58 | Create | Villager (Male) |
| 28:00 | Create | Villager (Male) |
| 28:00 | Create | Villager (Male) |
| 28:11 | Build | Mill |
| 28:15 | Build | Farm |
| 28:16 | Build | Farm |
| 28:17 | Build | Farm |
| 28:18 | Build | Farm |
| 28:19 | Build | Farm |
| 28:20 | Build | Farm |
| 28:21 | Build | Farm |
| 28:31 | Build | Dock |
| 28:32 | Create | Villager (Male) |
| 28:33 | Create | Villager (Male) |
| 28:44 | Create | Villager (Male) |
| 28:44 | Create | Villager (Male) |
| 29:03 | Create | Villager (Male) |
| 29:44 | Build | Barracks |
| 29:48 | Create | Villager (Male) |
| 29:48 | Create | Villager (Male) |
| 29:54 | Build | House |
| 29:55 | Build | House |
| 29:56 | Build | House |
| 29:56 | Build | House |
| 29:56 | Build | House |
| 30:16 | Research | Castle Age |
| 30:24 | Build | Stable |
| 30:30 | Build | House |
Match timeline
| 0:55 | Rado · first_building Dock |
| 1:14 | Dracarys2306 · first_building Dock |
| 3:02 | WeighedPlayer8 · first_building Dock |
| 11:10 | Lord Bendtner · first_building Dock |
| 11:49 | Dracarys2306 · first_building Barracks |
| 13:34 | Dracarys2306 · age_up feudal |
| 13:44 | Dracarys2306 · first_building Stable |
| 13:46 | Rado · age_up feudal |
| 15:47 | Lord Bendtner · first_building Barracks |
| 16:53 | Lord Bendtner · age_up feudal |
| 17:36 | Dracarys2306 · age_up castle |
| 20:30 | Rado · age_up castle |
| 20:44 | WeighedPlayer8 · first_building Siege Workshop |
| 20:52 | Rado · first_market_buy 100 stone |
| 21:05 | Rado · first_building Castle |
| 21:26 | Lord Bendtner · first_building Stable |
| 25:30 | Lord Bendtner · age_up castle |
| 27:19 | Dracarys2306 · first_building Castle |
| 28:01 | Rado · first_building Monastery |
| 28:04 | Lord Bendtner · first_building Siege Workshop |
| 29:44 | WeighedPlayer8 · first_building Barracks |
| 29:54 | Dracarys2306 · first_building Siege Workshop |
| 30:07 | Dracarys2306 · first_market_sell 100 food |
| 30:21 | Rado · first_market_sell 100 food |
| 30:24 | WeighedPlayer8 · first_building Stable |
| 33:47 | Rado · age_up imperial |
| 33:55 | Dracarys2306 · age_up imperial |
| 36:13 | Lord Bendtner · first_building Castle |
| 38:28 | WeighedPlayer8 · first_building Castle |
| 40:38 | Lord Bendtner · age_up imperial |
| 42:15 | Rado · wall_segment Stone Wall x16 |
| 44:25 | Lord Bendtner · first_building Archery Range |
| 47:24 | Lord Bendtner · resign |
[ AI ANALYSIS · 1 CREDIT ]
What really happened in this match?
Wolo.gg analyzes every decision: build order, eco, micro, common mistakes by bracket. Personalized analysis on WhatsApp or Discord in 30 seconds.
Civ guide
Celts
Perfil
Jugador #940321